[Event "Fagernes GM-A 2019"]
[Site "Fagernes"]
[Date "2019.04.21"]
[Round "9.20"]
[White "Grover, Sigurd Loe"]
[Black "Machlik, Edit"]
[Result "1-0"]
[ECO "A28"]
[WhiteElo "2020"]
[BlackElo "2109"]
[Annotator "NA"]
[PlyCount "87"]
[EventDate "2019.04.14"]
[EventType "tourn"]
[EventCountry "NOR"]
[SourceTitle "playchess.com"]
[Source "ChessBase"]
[SourceQuality "1"]
[TimeControl "40/7200:3600"]

1. c4 e5 2. Nc3 Nf6 3. Nf3 Nc6 4. e3 d5 5. cxd5 Nxd5 6. Bb5 Nxc3 7. bxc3 Bd6 8. d4 Bd7 9. d5 Ne7 10. Bxd7+ Qxd7 11. e4 O-O 12. O-O c6 13. c4 b5 14. dxc6 Qxc6 15. cxb5 Qc7 16. Be3 Rfd8 17. Qb3 Qb7 18. a4 h6 19. Rfe1 a6 20. b6 a5 21. Qb5 Bb4 22. Red1 Bc3 23. Rxd8+ Rxd8 24. Rb1 Qxe4 25. b7 Bb4 26. Nd2 Qxb1+ 27. Nxb1 Rd1+ 28. Qf1 Rxf1+ 29. Kxf1 Nc6 30. Nd2 Bd6 31. Nc4 Bb8 32. Bb6 Kf8 33. Nxa5 Nxa5 34. Bxa5 Ke8 35. Bb4 Kd7 36. Bf8 g6 37. Bxh6 Kc6 38. g4 Kxb7 39. h4 e4 40. Bg7 Bf4 41. h5 gxh5 42. gxh5 e3 43. f3 Ka6 44. h6 1-0